 Dungeon Crawl Stone Soup version 0.30-a0-743-gbfdf073431 (webtiles) character file.

Game seed: 3343845822517423512

3929 epen the Spear-Bearer (level 10, -4/74 HPs)
             Began as a Gnoll Wanderer on Feb 6, 2023.
             Was an Initiate of Makhleb.
             Slain by a wyvern (12 damage)
             ... on level 8 of the Dungeon.
             The game lasted 00:14:47 (7746 turns).

epen the Spear-Bearer (Gnoll Wanderer)              Turns: 7746, Time: 00:14:48

Health: -4/74      AC: 12    Str: 18    XL:     10   Next: 21%
Magic:  17/17      EV: 13    Int: 11    God:    Makhleb [......]
Gold:   84         SH:  0    Dex: 10    Spells: 19/19 levels left

rFire   . . .      SeeInvis .    B - +0 spear (pain)
rCold   . . .      Faith    .    (no shield)
rNeg    . . .      Spirit   .    y - +2 troll leather armour
rPois   .          Reflect  .    c - +0 helmet
rElec   .          Harm     .    F - +1 cloak
rCorr   .          Rampage  .    w - +0 pair of gloves
Will    .....                    (no boots)
Stlth   +++                      (no amulet)
HPRegen 1.12/turn                (no ring)
MPRegen 0.15/turn                (no ring)

@: lethally poisoned (-4 -> -4), marked
A: fangs 1, strong nose, distributed training
a: Renounce Religion


You were on level 8 of the Dungeon.
You worshipped Makhleb.
Makhleb was noncommittal.
You visited 2 branches of the dungeon, and saw 9 of its levels.

You collected 476 gold pieces.
You spent 392 gold pieces at shops.

Inventory:

Hand Weapons
 a - a +0 spear
 v - a +2 falchion of flaming
 A - a +2 short sword of draining
 B - a +0 spear of pain (weapon)
Missiles
 u - a silver boomerang
Armour
 c - a +0 helmet (worn)
 e - a +0 leather armour
 i - a +0 buckler
 k - the +8 chain mail of Mefulauntu {*Corrode rElec rF- Dex+9}
   (You found it on level 2 of the Dungeon)

   Dex:       It affects your dexterity (+9).
   rF:        It makes you vulnerable to fire.
   rElec:     It insulates you from electricity.
   *Corrode:  It may corrode you when you take damage.
 l - a +0 chain mail of willpower
 s - a scarf of invisibility
 t - a +0 ring mail
 w - a +0 pair of gloves (worn)
 y - a +2 troll leather armour (worn)
 F - a +1 cloak (worn)
Jewellery
 h - a ring of flight
 j - a ring of ice
Wands
 m - a wand of roots (7)
 q - a wand of digging (3)
Scrolls
 d - 2 scrolls of vulnerability
 g - 5 scrolls of teleportation
 p - 2 scrolls of magic mapping
 r - a scroll of poison
 x - 3 scrolls of amnesia
 D - a scroll of fear
 I - 2 scrolls of identify
 J - a scroll of silence {unknown}
Potions
 f - a potion of resistance
 o - 4 potions of degeneration
 z - a potion of flight
 C - a potion of mutation
 E - 2 potions of ambrosia
 G - a potion of curing
Miscellaneous
 b - a lightning rod (3/4) (quivered)


   Skills:
 + Level 5.2 Fighting
 + Level 5.2 Short Blades
 + Level 5.2 Long Blades
 + Level 5.2 Axes
 + Level 5.2 Maces & Flails
 + Level 10.1 Polearms
 + Level 5.2 Staves
 + Level 5.2 Ranged Weapons
 + Level 5.2 Throwing
 + Level 7.0 Armour
 + Level 5.2 Dodging
 + Level 5.8 Stealth
 + Level 5.2 Shields
 + Level 5.2 Unarmed Combat
 + Level 5.2 Spellcasting
 + Level 4.3 Conjurations
 + Level 4.3 Hexes
 + Level 4.3 Summonings
 + Level 4.3 Necromancy
 + Level 4.3 Translocations
 + Level 4.3 Transmutations
 + Level 4.3 Fire Magic
 + Level 4.3 Ice Magic
 + Level 4.3 Air Magic
 + Level 4.3 Earth Magic
 + Level 4.3 Poison Magic
 + Level 5.7 Invocations
 + Level 8.5 Evocations


You had 19 spell levels left.
You didn't know any spells.
Your spell library contained the following spells:

 Spells                   Type           Power      Damage    Failure   Level
 Apportation              Tloc           24%        N/A       4%          1
 Magic Dart               Conj           48%        1d5       4%          1
 Necrotise                Necr           48%        1d6       4%          1
 Summon Small Mammal      Summ           48%        N/A       4%          1
 Cigotuvi's Dreadful Rot  Necr/Pois/Air  24%        N/A       6%          2
 Ensorcelled Hibernation  Hex/Ice        24%        N/A       6%          2
 Poisonous Vapours        Pois/Air       24%        N/A       6%          2
 Searing Ray              Conj           24%        2d5       6%          2
 Call Canine Familiar     Summ           12%        N/A       12%         3
 Inner Flame              Hex/Fire       12%        N/A       12%         3
 Mephitic Cloud           Conj/Pois/Air  12%        N/A       12%         3
 Spider Form              Tmut/Pois      12%        N/A       12%         3
 Summon Guardian Golem    Hex/Summ       12%        N/A       12%         3
 Vampiric Draining        Necr           12%        2d6       12%         3
 Anguish                  Hex/Necr       6%         N/A       38%         4
 Flame Wave               Conj/Fire      12%        2d6       38%         4
 Fulminant Prism          Conj/Hex       6%         3d7       38%         4
 Sticky Flame             Conj/Fire      12%        2d4       38%         4
 Agony                    Necr           12%        N/A       75%         5


Dungeon Overview and Level Annotations

Branches:
Dungeon (8/15)             Temple (1/1) D:7
   Lair: D:8-11

Altars:
Ashenzari
Cheibriados
Dithmenos
Elyvilon
Fedhas
Gozag
Hepliaklqana
Kikubaaqudgha
Makhleb
Nemelex Xobeh
Okawaru
Qazlal
Ru
Sif Muna
Trog
Uskayaw
Vehumet
Wu Jian
Yredelemnul
Zin
The Shining One

Shops:
D:1 =   D:2 [   D:3 [


Innate Abilities, Weirdness & Mutations

You have very sharp teeth.
Your uncanny sense of smell can sniff out nearby items.
Your experience applies equally to all skills.


Message History

Aim: a centaur warrior, wielding a +0 shortbow (grey smoke, ally target, about 28% to evade your +0 spear of pain)
You could not reach far enough!
The centaur warrior unwields a +0 shortbow.
The centaur warrior wields a +0 short sword.
The centaur warrior completely misses your water moccasin. x2
Your white imp gestures at the centaur warrior.
The puff of frost hits the centaur warrior!
You hear a sizzling splash. x2
Your orc barely misses the centaur warrior.
Your water moccasin barely misses the centaur warrior.
The wyvern bites your orc!!
Your orc dies!
Your orc's corpse dissolves into shadows!
Reach: B) +0 spear (pain)
Press: ? - help, Dir - move target, f/p - centaur warrior
Aim: a centaur warrior, wielding a +0 short sword (grey smoke, lightly wounded, ally target, about 28% to evade your +0 spear of pain)
You reach to attack!
You hit the centaur warrior.
The centaur warrior writhes in agony.
The centaur warrior is moderately wounded.
You feel sick.
The centaur warrior hits your water moccasin with a +0 short sword!
The centaur warrior kicks your water moccasin.
Your water moccasin bites the centaur warrior.
Reach: B) +0 spear (pain)
Press: ? - help, Dir - move target, f/p - centaur warrior
Aim: a centaur warrior, wielding a +0 short sword (grey smoke, moderately wounded, ally target, about 28% to evade your +0 spear of pain)
You could not reach far enough!
Your white imp barely misses the centaur warrior.
The centaur warrior unwields a +0 short sword.
The centaur warrior wields a +0 shortbow.
The centaur warrior shoots an arrow.
The arrow misses your water moccasin. The arrow hits you!
* * * LOW HITPOINT WARNING * * *
Reach: B) +0 spear (pain)
Press: ? - help, Dir - move target, f/p - centaur warrior
Aim: a centaur warrior, wielding a +0 shortbow (grey smoke, moderately wounded, ally target, about 28% to evade your +0 spear of pain)
You could not reach far enough!
You feel sick.
Your water moccasin bites the centaur warrior.
The wyvern bites you!
You die...

#. ## #. ..
#.##.# .. .....#
.# #.§y§### .#
#.#§cy.#### .
######§#c##§§..h
#######
....§§§5Slo..o.#
.......
....§..§@#######
#...# #####§§§#
..# #§§## ### ∆
#.## # #.#
###### #.#
....... ###.#
### #######
###...###...# #
#.........###


You could see a centaur warrior (ally target), an orc warrior, a wyvern, a
friendly water moccasin (summoned) and a friendly white imp (summoned).

Vanquished Creatures
  Pikel (D:6)
  Grinder (D:4)
  A hornet (D:8)
  A wraith (D:7)
  Eustachio (D:4)
  An acid dragon (D:8)
  Duvessa (D:6)
  3 sky beasts
  2 ice beasts (D:7)
  2 black bears
  An ogre (D:5)
  2 orc warriors (D:6)
  A centaur (D:8)
  2 lemures (D:6)
  A kobold brigand (D:5)
  2 bullfrogs
  2 necrophages (D:6)
  4 scorpions
  Dowan (D:6)
  4 killer bees (D:7)
  2 howler monkeys
  3 orc priests
  2 hounds (D:5)
  2 iguanas (D:5)
  4 orc wizards
  Natasha (thrice) (D:4)
  Robin (D:4)
  2 gnolls (D:2)
  7 adders
  2 white imps
  3 worms
  3 dart slugs
  19 orcs
  5 ball pythons
  3 bats (D:1)
  5 endoplasms
  4 giant cockroaches
  10 goblins
  11 hobgoblins
  11 jackals
  10 kobolds
  2 quokkas
  3 frilled lizards
  6 rats
  A spectral goblin (D:2)
158 creatures vanquished.

Vanquished Creatures (collateral kills)
  A bullfrog (D:8)
  A killer bee (D:8)
2 creatures vanquished.

Vanquished Creatures (others)
  A black bear (D:8)
  A kobold brigand (D:8)
  A howler monkey (D:8)
3 creatures vanquished.

Grand Total: 163 creatures vanquished

Notes
Turn   | Place    | Note
-------+----------+-------------------------------------------
     0 | D:1      | epen the Gnoll Wanderer began the quest for the Orb.
     0 | D:1      | epen set off with the following items: a +0 spear, a
                  | lightning rod (4/4), a +0 helmet, a scroll of
                  | vulnerability, a +0 leather armour.
     0 | D:1      | Reached XP level 1. HP: 13/13 MP: 1/1
   114 | D:1      | Reached XP level 2. HP: 15/19 MP: 2/2
   748 | D:1      | Found Nats's Jewellery Shop.
  1043 | D:2      | Reached XP level 3. HP: 25/25 MP: 3/3
  1044 | D:2      | Identified the +8 chain mail of Mefulauntu {*Corrode rElec
                  | rF- Dex+9}
  1133 | D:2      | Found Exoeh's Armour Emporium.
  1241 | D:2      | Reached skill level 1 in Invocations
  1475 | D:2      | Reached skill level 1 in Fighting
  1475 | D:2      | Reached skill level 1 in Short Blades
  1475 | D:2      | Reached skill level 1 in Long Blades
  1475 | D:2      | Reached skill level 1 in Axes
  1475 | D:2      | Reached skill level 1 in Maces & Flails
  1475 | D:2      | Reached skill level 1 in Staves
  1475 | D:2      | Reached skill level 1 in Ranged Weapons
  1475 | D:2      | Reached skill level 1 in Throwing
  1475 | D:2      | Reached skill level 1 in Dodging
  1475 | D:2      | Reached skill level 1 in Shields
  1475 | D:2      | Reached skill level 1 in Unarmed Combat
  1475 | D:2      | Reached skill level 1 in Spellcasting
  1761 | D:2      | Found a faded altar of an unknown god.
  1812 | D:2      | Reached XP level 4. HP: 14/32 MP: 5/5
  2139 | D:3      | Found Joej Nimm's Antique Armour Emporium.
  2151 | D:3      | Reached skill level 1 in Conjurations
  2151 | D:3      | Reached skill level 1 in Hexes
  2151 | D:3      | Reached skill level 1 in Summonings
  2151 | D:3      | Reached skill level 1 in Necromancy
  2151 | D:3      | Reached skill level 1 in Translocations
  2151 | D:3      | Reached skill level 1 in Transmutations
  2151 | D:3      | Reached skill level 1 in Fire Magic
  2151 | D:3      | Reached skill level 1 in Ice Magic
  2151 | D:3      | Reached skill level 1 in Air Magic
  2151 | D:3      | Reached skill level 1 in Earth Magic
  2151 | D:3      | Reached skill level 1 in Poison Magic
  2524 | D:3      | Noticed a black bear
  2527 | D:3      | Killed a black bear
  2528 | D:3      | Reached XP level 5. HP: 37/37 MP: 5/7
  2922 | D:3      | Reached XP level 6. HP: 18/44 MP: 8/8
  3128 | D:4      | Noticed Natasha
  3136 | D:4      | Killed Natasha
  3158 | D:4      | Found a sparkling altar of Nemelex Xobeh.
  3172 | D:4      | Reached skill level 5 in Armour
  3193 | D:4      | Noticed a black bear
  3198 | D:4      | Killed a black bear
  3283 | D:4      | Noticed Grinder
  3286 | D:4      | Paralysed by Grinder for 2 turns
  3291 | D:4      | Noticed Natasha
  3293 | D:4      | Killed Grinder
  3294 | D:4      | Reached XP level 7. HP: 51/51 MP: 10/10
  3340 | D:4      | Killed Natasha
  3341 | D:4      | Reached skill level 9 in Polearms
  3591 | D:4      | Noticed Natasha
  3612 | D:4      | Killed Natasha
  3704 | D:4      | Found an ornate altar of the Wu Jian Council.
  3740 | D:4      | Found an iron altar of Okawaru.
  3741 | D:4      | Found a hide-covered altar of Uskayaw.
  3742 | D:4      | Found a glowing silver altar of Zin.
  3742 | D:4      | Noticed Robin
  3749 | D:4      | Killed Robin
  3851 | D:2      | Bought a +1 troll leather armour for 220 gold pieces
  3938 | D:5      | Entered Level 5 of the Dungeon
  3997 | D:4      | Noticed Eustachio
  4074 | D:4      | Killed Eustachio
  4075 | D:4      | Reached XP level 8. HP: 33/58 MP: 12/12
  4567 | D:5      | Identified the +1 robe of Fedhas, Nurturing {*Corrode rC-
                  | Int+8 Stlth+}
  5435 | D:6      | Reached XP level 9. HP: 65/65 MP: 14/14
  5605 | D:6      | Noticed Pikel
  5607 | D:6      | Noticed Dowan
  5607 | D:6      | Noticed Duvessa
  5673 | D:6      | Killed Pikel
  5674 | D:6      | Reached skill level 5 in Stealth
  5725 | D:6      | Killed Duvessa
  5726 | D:6      | Reached skill level 5 in Invocations
  5745 | D:6      | Killed Dowan
  6310 | D:3      | Bought an embroidered cloak for 172 gold pieces
  6834 | D:7      | Reached skill level 5 in Fighting
  6834 | D:7      | Reached skill level 5 in Short Blades
  6834 | D:7      | Reached skill level 5 in Long Blades
  6834 | D:7      | Reached skill level 5 in Axes
  6834 | D:7      | Reached skill level 5 in Maces & Flails
  6834 | D:7      | Reached skill level 5 in Staves
  6834 | D:7      | Reached skill level 5 in Ranged Weapons
  6834 | D:7      | Reached skill level 5 in Throwing
  6834 | D:7      | Reached skill level 5 in Dodging
  6834 | D:7      | Reached skill level 5 in Shields
  6834 | D:7      | Reached skill level 5 in Unarmed Combat
  6834 | D:7      | Reached skill level 5 in Spellcasting
  6834 | D:7      | Reached XP level 10. HP: 60/74 MP: 17/17
  6892 | D:7      | Found a shadowy altar of Dithmenos.
  6895 | D:7      | Found an ancient bone altar of Kikubaaqudgha.
  6896 | D:7      | Found a snail-covered altar of Cheibriados.
  6961 | D:7      | Found a white marble altar of Elyvilon.
  6963 | D:7      | Found a stormy altar of Qazlal.
  7043 | D:7      | Found a staircase to the Ecumenical Temple.
  7047 | Temple   | Entered the Ecumenical Temple
  7508 | Temple   | Became a worshipper of Makhleb the Destroyer
  7564 | D:8      | Reached skill level 10 in Polearms
  7717 | D:8      | Paralysed by a hornet for 2 turns
  7732 | D:8      | Noticed a centaur warrior
  7739 | D:8      | Noticed a centaur warrior
  7746 | D:8      | Slain by a wyvern

Illustrated notes

Levels and vault maps discovered:
D:1:      giann_horns, layout_basic, serial_shops, nicolae_diamond_shop
D:2:      layout_basic, dreamdust_ecumenical_altar_drowned_temple, serial_shops,
          shop, grunt_decor_fettered, minivault_25, uniq_crazy_yiuf_cottage
D:3:      layout_basic, serial_shops, nicolae_diamond_shop
D:4:      layout_cave_pods, mainiacjoe_overflow_surrounded_room,
          mainiacjoe_overflow_small_starburst, gammafunk_temple_overflow_claw,
          uniq_eustachio, uniq_robin, uniq_natasha, uniq_grinder
D:5:      layout_rooms, serial_park_tiny_pond
D:6:      layout_basic, uniq_pikel, uniq_duvessa
D:7:      nicolae_cairo_tiling, layout_loops_corners,
          nicolae_overflow_hidden_temple, temple_statues
D:8:      layout_rooms, xom_confusion_cloud, serial_rivers,
          chequers_serial_rivers_small_3, chequers_serial_rivers_micro_a,
          chequers_serial_rivers_room_a, chequers_serial_rivers_micro_d,
          hangedman_minor_gate_pass
Temple:   hellmonk_temple_of_storms

Skill      XL: |  1  2  3  4  5  6  7  8  9 10 |
---------------+-------------------------------+-----
Invocations    | 1 2 3 4 5 |  5.7
Fighting       | 1 2 3 5 |  5.2
Short Blades   | 1 2 3 5 |  5.2
Long Blades    | 1 2 3 5 |  5.2
Axes           | 1 2 3 5 |  5.2
Maces & Flails | 1 2 3 5 |  5.2
Staves         | 1 2 3 5 |  5.2
Ranged Weapons | 1 2 3 5 |  5.2
Throwing       | 1 2 3 5 |  5.2
Dodging        | 1 2 3 5 |  5.2
Shields        | 1 2 3 5 |  5.2
Unarmed Combat | 1 2 3 5 |  5.2
Spellcasting   | 1 2 3 5 |  5.2
Conjurations   | 1 2 3 4 |  4.3
Hexes          | 1 2 3 4 |  4.3
Summonings     | 1 2 3 4 |  4.3
Necromancy     | 1 2 3 4 |  4.3
Translocations | 1 2 3 4 |  4.3
Transmutations | 1 2 3 4 |  4.3
Fire Magic     | 1 2 3 4 |  4.3
Ice Magic      | 1 2 3 4 |  4.3
Air Magic      | 1 2 3 4 |  4.3
Earth Magic    | 1 2 3 4 |  4.3
Poison Magic   | 1 2 3 4 |  4.3
Stealth        | 3 4 5 |  5.8
Armour         | 5 6 7 |  7.0
Evocations     | 7 8 |  8.5
Polearms       | 9 10 | 10.1

Action                     |  1- 3 |  4- 6 |  7- 9 | 10-12 || total
---------------------------+-------+-------+-------+-------++-------
  Melee: Spear             |   172 |   155 |   574 |    45 ||   946
         Bite              |    12 |    18 |    52 |     1 ||    83
         Punch             |     2 |     1 |    12 |     1 ||    16
         Falchion          |       |    17 |       |       ||    17
         Unarmed           |       |       |     9 |       ||     9
  Throw: Boomerang         |       |     8 |    10 |       ||    18
Ability: Evoke Invisibilit |       |       |     3 |       ||     3
  Evoke: Lightning rod     |       |     9 |     5 |       ||    14
         Wand              |       |       |     3 |       ||     3
    Use: Potion            |       |       |     9 |       ||     9
         Scroll            |       |       |    11 |     2 ||    13
   Stab: Sleeping          |     3 |       |     8 |       ||    11
         Distracted        |       |     1 |       |       ||     1
         Invisible         |       |       |    14 |       ||    14
 Armour: Leather armour    |    54 |    20 |       |       ||    74
         Ring mail         |       |    43 |    12 |       ||    55
         Troll leather arm |       |       |    96 |    17 ||   113
  Dodge: Dodged            |    80 |    87 |   198 |    29 ||   394

Table legend: (Time is in decaauts)
 A = Elapsed time spent in this place.
 B = Non-inter-level travel time spent in this place.
 C = Inter-level travel time spent in this place.
 D = Time resting spent in this place.
 E = Time spent auto-exploring this place.
 F = Levels seen in this place.
 G = Mean time per level.
                   A        B        C        D        E       F      G
               +--------+--------+--------+--------+--------+-----+--------+
         Total |   7487 |   6778 |    709 |    264 |   5085 |   9 |  831.9 |
       Dungeon |   7427 |   6732 |    695 |    264 |   5061 |   8 |  928.4 |
        Temple |     60 |     46 |     14 |      0 |     24 |   1 |   60.0 |
               +--------+--------+--------+--------+--------+-----+--------+

Top non-repeatable levels by time:
     D:4: 1262 daAuts
     D:3: 1135 daAuts
     D:7: 1108 daAuts
     D:1: 1077 daAuts
     D:6: 1013 daAuts
     D:2: 923 daAuts
     D:5: 718 daAuts
     D:8: 188 daAuts
  Temple: 60 daAuts
